 Dungeon Crawl Stone Soup version 0.19.4-10-g532645f (webtiles) character file.

2035 Magnus the Fighter (level 9, -1/74 HPs)
             Began as a Demonspawn Abyssal Knight on Feb 24, 2017.
             Was a Priest of Lugonu.
             Slain by a killer bee (2 damage)
             ... on level 7 of the Dungeon.
             The game lasted 00:24:20 (9319 turns).

Magnus the Fighter (Demonspawn Abyssal Knight)      Turns: 9319, Time: 00:24:20

Health: -1/74      AC:  6    Str: 15    XL:     9   Next: 4%
Magic:  12/12      EV: 19    Int: 13    God:    Lugonu [***...]
Gold:   380        SH:  6    Dex: 22    Spells: 0 memorised, 8 levels left

rFire  . . .     SeeInvis .       - Unarmed
rCold  . . .     Gourm    .     b - +0 leather armour
rNeg   + . .     Faith    .     (no shield)
rPois  +         Spirit   .     (no helmet)
rElec  .         Reflect  .     n - +2 cloak {rPois}
rCorr  .         Harm     .     (no gloves)
MR     .....                    (no boots)
Stlth  +++.......               s - amulet of regeneration
                                h - +3 ring of strength
                                x - ring of positive energy

@: agile, exhausted, very slightly contaminated, hasted and slowed
A: claws 1, large bone plates 2, powered by pain 3, rot immunity
a: Depart the Abyss, Bend Space, Banish, Renounce Religion


You were on level 7 of the Dungeon.
You worshipped Lugonu.
Lugonu was most pleased with you.
You were not hungry.

You visited 1 branch of the dungeon, and saw 7 of its levels.
You visited the Abyss 1 time.

You collected 380 gold pieces.

Inventory:

Armour
 b - a +0 leather armour (worn)
 n - a +2 cloak of poison resistance (worn)
Jewellery
 h - a +3 ring of strength (right claw)
 q - an uncursed ring of poison resistance
 s - an amulet of regeneration (around neck)
 t - an uncursed ring of wizardry
 x - a ring of positive energy (left claw)
 C - an uncursed amulet of harm
Wands
 o - a wand of iceblast (0/15)
Scrolls
 e - 2 scrolls of recharging
 f - 4 scrolls of identify
 l - 4 scrolls of remove curse
 r - a scroll of noise {unknown}
 w - a scroll of enchant armour
 y - 3 scrolls of amnesia {unknown}
Potions
 d - 2 potions of curing
 g - a potion of haste
 p - a potion of berserk rage
 u - 2 potions of degeneration {unknown}
 v - 2 potions of flight {unknown}
 z - 2 potions of lignification {unknown}
 A - a potion of cure mutation {unknown}
 B - 2 potions of heal wounds {unknown}
 E - a potion of magic {unknown}
Comestibles
 c - 5 bread rations
 i - 3 meat rations
 k - a fruit
 D - 2 beef jerkies
 F - 2 slices of pizza
 G - a chunk of flesh


   Skills:
 + Level 8.0 Fighting
   Level 3.6 Long Blades
 - Level 1.7 Armour
 + Level 3.6 Dodging
 + Level 5.8 Unarmed Combat
 + Level 5.2 Invocations


You had 8 spell levels left.
You didn't know any spells.

Dungeon Overview and Level Annotations

Branches:
Dungeon (7/15)             Temple (0/1) D:4

Altars:
Dithmenos
Makhleb
Sif Muna
Xom

Shops:
D:4 ?

Annotations:
D:3 Magnus's ghost, amateur DsAK


Innate Abilities, Weirdness & Mutations

You have sharp fingernails.
You are mostly covered in large bone plates. (SH +6)
You are powered by pain.
You are immune to rotting.


Message History

The killer bee stings you but does no damage.
The killer bee completely misses you. The killer bee closely misses you.
You block the killer bee's attack.
Unknown command.
You block the killer bee's attack.
You feel a strong urge to attack something.
The killer bee stings you but does no damage.
You block the killer bee's attack. x2
You feel your anger subside.
You are no longer berserk.
You are exhausted.
You feel yourself slow down.
You feel as though your hastened speed will last longer.
You block the killer bee's attack. The killer bee misses you.
The killer bee closely misses you.
The killer bee completely misses you. x2; The killer bee stings you.
* * * LOW HITPOINT WARNING * * *
The killer bee stings you.
* * * LOW HITPOINT WARNING * * *
The killer bee stings you.
You die...

....#.....#.......#..............
....# .......##...#..............
....###...........#.......#.####.
....'%<...................#.# #.
....##.............[......#.## #.
######.......................###.
######........y...........#...
..............yy.#.........#...
..............@y.#.............
.......[.........#.............
.................#.............
........##########.............
........# #....[........
/.......# #............. #######
#............. ##########....
#####


You could see 4 killer bees.

Vanquished Creatures
  Joseph (D:6)
  Edmund (D:4)
  A sky beast (D:5)
  2 ogres (D:4)
  A phantom (D:3)
  A centaur (D:6)
  A big kobold (D:6)
  2 scorpions (D:6)
  6 killer bees (D:7)
  A howler monkey (D:4)
  A crimson imp (D:6)
  A jelly (D:4)
  5 hounds
  3 orc priests
  A centaur skeleton (D:4)
  An iguana (D:4)
  3 orc wizards
  A hound skeleton (D:4)
  2 worker ant zombies
  11 adders
  A shadow imp (D:5)
  An ooze (D:2)
  A worm (D:5)
  4 leopard geckos
  24 orcs
  5 bats
  8 giant cockroaches
  9 goblins
  6 hobgoblins
  5 jackals
  3 quokkas
  3 ball pythons
  A ball python zombie (D:5)
  6 frilled lizards
  16 kobolds
  9 rats
148 creatures vanquished.

Notes
Turn   | Place    | Note
-------+----------+-------------------------------------------
     0 | Abyss:1  | Magnus the Demonspawn Abyssal Knight began the quest for the Orb.
     0 | Abyss:1  | Reached XP level 1. HP: 18/18 MP: 2/2
   114 | Abyss:1  | Noticed a flying skull
   137 | Abyss:1  | Noticed a raiju
   139 | D:1      | Escaped the Abyss
   547 | D:1      | Gained mutation: You are immune to rotting. [demonic ancestry]
   547 | D:1      | Reached XP level 2. HP: 24/24 MP: 3/3
   552 | D:1      | Reached * piety under Lugonu
  1439 | D:2      | Gained mutation: You sometimes gain a little power by taking damage. [demonic ancestry]
  1439 | D:2      | Reached XP level 3. HP: 29/29 MP: 4/4
  2512 | D:3      | Gained mutation: You have sharp fingernails. [demonic ancestry]
  2512 | D:3      | Reached XP level 4. HP: 37/37 MP: 5/5
  2554 | D:3      | Reached skill level 4 in Fighting
  2936 | D:3      | Noticed Magnus's ghost (amateur DsAK)
  3397 | D:3      | Reached ** piety under Lugonu
  3429 | D:3      | Gained mutation: You sometimes gain power by taking damage. [demonic ancestry]
  3429 | D:3      | Reached XP level 5. HP: 38/43 MP: 6/6
  3648 | D:3      | Found a deep blue altar of Sif Muna.
  4088 | D:3      | Reached skill level 5 in Fighting
  4088 | D:3      | Reached skill level 1 in Unarmed Combat
  4759 | D:4      | HP: 2/44 [centaur skeleton (7)]
  4760 | D:4      | Gained mutation: You are powered by pain. [demonic ancestry]
  4760 | D:4      | Reached XP level 6. HP: 2/51 MP: 7/7
  5031 | D:4      | Noticed Edmund
  5459 | D:4      | Found Kunasm's Magic Scroll Boutique.
  5513 | D:4      | HP: 2/51 [phantom (3)]
  6391 | D:4      | Killed Edmund
  6391 | D:4      | Reached skill level 6 in Fighting
  6391 | D:4      | Gained mutation: You are partially covered in large bone plates. (SH +4) [demonic ancestry]
  6391 | D:4      | Reached XP level 7. HP: 8/58 MP: 8/8
  6521 | D:4      | Found a staircase to the Ecumenical Temple.
  7184 | D:5      | Entered Level 5 of the Dungeon
  7392 | D:5      | Reached skill level 1 in Dodging
  7522 | D:5      | Reached skill level 7 in Fighting
  7529 | D:5      | Gained mutation: You are mostly covered in large bone plates. (SH +6) [demonic ancestry]
  7529 | D:5      | Reached XP level 8. HP: 14/67 MP: 9/9
  7797 | D:5      | Reached *** piety under Lugonu
  8024 | D:6      | Found a shimmering altar of Xom.
  8131 | D:6      | Found a shadowy altar of Dithmenos.
  8245 | D:6      | Reached skill level 5 in Unarmed Combat
  8675 | D:7      | Noticed Joseph
  8737 | D:6      | Killed Joseph
  9008 | D:7      | Found a burning altar of Makhleb.
  9081 | D:7      | Reached skill level 5 in Invocations
  9261 | D:7      | Reached skill level 8 in Fighting
  9261 | D:7      | Reached XP level 9. HP: 43/74 MP: 12/12
  9309 | D:7      | HP: 5/111 [killer bee (9)]
  9319 | D:7      | HP: 1/74 [killer bee (4)]
  9319 | D:7      | Slain by a killer bee

Skill      XL: |  1  2  3  4  5  6  7  8 |
---------------+-------------------------+-----
Long Blades    | 2 3 |  3.6
Fighting       | 4 5 6 7 8 |  8.0
Unarmed Combat | 1 3 4 5 |  5.8
Dodging        | 1 3 |  3.6
Invocations    | 5 |  5.2
Armour         | |  1.7

Action                   |  1- 3 |  4- 6 |  7- 9 || total
-------------------------+-------+-------+-------++-------
Melee: Falchion          |   108 |   200 |    76 ||   384
       Punch             |       |     2 |     9 ||    11
       Unarmed           |       |       |   268 ||   268
Invok: Depart the Abyss  |     1 |       |       ||     1
       Bend Space        |       |       |     5 ||     5
Evoke: Wand              |       |     4 |       ||     4
  Use: Scroll            |       |     1 |     5 ||     6
       Potion            |       |       |     5 ||     5
 Stab: Distracted        |       |       |     1 ||     1
  Eat: Chunk             |     4 |     7 |     8 ||    19
       Fruit             |     1 |     3 |       ||     4
       Meat ration       |       |     1 |       ||     1
Armor: Leather armour    |    26 |    52 |    70 ||   148
Dodge: Dodged            |    72 |   128 |   180 ||   380
Block: Other             |       |       |    90 ||    90
       Rpst.: Falchion   |    23 |    42 |    12 ||    77
